 Dungeon Crawl Stone Soup version 0.27-a0-1060-gcb85b5eba1 (webtiles) character file.

Game seed: 8352454216741674289

30 sizableburger the Chucker (level 3, 0/28 HPs)
             Began as a Human Hunter on Apr 22, 2021.
             Was a Follower of Makhleb.
             Succumbed to an adder's poison
             ... on level 2 of the Dungeon.
             The game lasted 00:02:27 (1610 turns).

sizableburger the Chucker (Human Hunter)            Turns: 1610, Time: 00:02:28

Health: 0/28       AC:  4    Str: 13    XL:     3   Next: 35%
Magic:  3/3        EV: 11    Int: 11    God:    Makhleb [*.....]
Gold:   86         SH:  0    Dex: 13    Spells: 2/2 levels left

rFire    . . .     SeeInvis .   h - +0 dagger
rCold    . . .     Faith    .   (no shield)
rNeg     . . .     Spirit   .   b - +1 leather armour
rPois    .         Reflect  .   (no helmet)
rElec    .         Harm     .   (no cloak)
rCorr    .         Rampage  .   (no gloves)
Will     .....                  (no boots)
Stlth    +.........             (no amulet)
HPRegen  0.09/turn              (no ring)
MPRegen  0.08/turn              (no ring)

@: lethally poisoned (0 -> -8)
A: no striking features
a: Renounce Religion


You were on level 2 of the Dungeon.
You worshipped Makhleb.
Makhleb was aware of your devotion.
You visited 1 branch of the dungeon, and saw 2 of its levels.

You collected 86 gold pieces.

Inventory:

Hand Weapons
 a - a +0 short sword
 h - a +0 dagger (weapon)
Missiles
 d - a throwing net (quivered)
 f - 7 curare-tipped darts
Armour
 b - a +1 leather armour (worn)
Wands
 e - a wand of mindburst (21)
Scrolls
 g - 2 scrolls of identify {unknown}
 i - a scroll of teleportation {unknown}


   Skills:
 + Level 2.6 Fighting
 + Level 1.3 Short Blades
 + Level 4.3 Throwing
 - Level 2.0 Dodging
 - Level 1.0 Stealth


You had 2 spell levels left.
You didn't know any spells.
Your spell library contained the following spells:

 Spells                   Type           Power      Damage    Failure   Level
 Beastly Appendage        Tmut           0%         N/A       41%         1
 Wereblood                Tmut           0%         N/A       56%         2
 Spider Form              Tmut/Pois      0%         N/A       80%         3
 Ice Form                 Ice/Tmut       0%         N/A       99%         4
 Hydra Form               Tmut           0%         N/A       100%        5


Dungeon Overview and Level Annotations

Branches:
Dungeon (2/15)

Altars:
Makhleb


Message History

You are too injured to fight recklessly!
You are too injured to fight recklessly!
You are too injured to fight recklessly!
Throw: 4 javelins
Press: ? - help, Q - select action, (/) - cycle Shift-Dir - straight line, f - adder
Aim: an adder (moderately wounded, 42% to hit)
You throw a javelin. The javelin closely misses the adder.
You feel sick. The adder completely misses you. The adder bites you.
Unknown command.
Throw: 3 javelins
Press: ? - help, Q - select action, (/) - cycle Shift-Dir - straight line, f/p - adder
Aim: an adder (moderately wounded, 42% to hit)
You throw a javelin. The javelin barely misses the adder.
You feel sick. The adder bites you.
You are more poisoned.
The adder poisons you! The adder bites you.
You are lethally poisoned!
The adder poisons you!
Throw: 2 javelins
Press: ? - help, Q - select action, (/) - cycle Shift-Dir - straight line, f/p - adder
Aim: an adder (moderately wounded, 42% to hit)
You throw a javelin. The javelin pierces through the adder.
The adder is heavily wounded.
* * * LOW HITPOINT WARNING * * *
You feel very sick. The adder bites you.
* * * LOW HITPOINT WARNING * * *
Throw: javelin
Press: ? - help, Q - select action, (/) - cycle Shift-Dir - straight line, f/p - adder
Aim: an adder (heavily wounded, 42% to hit)
You throw a javelin. The javelin misses the adder.
* * * LOW HITPOINT WARNING * * *
You feel very sick. The adder bites you but does no damage.
The adder closely misses you.
Throw: 2 throwing nets
Press: ? - help, Q - select action, (/) - cycle Shift-Dir - straight line, f/p - adder
Aim: an adder (heavily wounded, 42% to hit)
You throw a throwing net.
The throwing net barely misses the adder.
You die...

... .... ## ##.#......
#.#...... ........
#.....# #.....# #
#.....#
.####.##.....###########
(.....S@..............##
.###..##...#.#.#.....# #
#. #...........#.### #
##..#.#.#...#...#
..###..#....#..#.###
.....................
#........##..........
#..###............... #.
##..#####..#.###


You could see an adder.

Vanquished Creatures
  2 endoplasms (D:1)
  A giant cockroach (D:2)
  2 goblins (D:1)
  3 hobgoblins (D:1)
  3 quokkas (D:1)
  3 ball pythons
  6 bats
  4 frilled lizards
  A kobold (D:1)
  5 rats
30 creatures vanquished.

Notes
Turn   | Place    | Note
-------+----------+-------------------------------------------
     0 | D:1      | sizableburger the Human Hunter began the quest for the Orb.
     0 | D:1      | Reached XP level 1. HP: 16/16 MP: 1/1
    23 | D:1      | Found a faded altar of an unknown god.
   242 | D:1      | Became a worshipper of Makhleb the Destroyer
   242 | D:1      | Reached * piety under Makhleb
   317 | D:1      | Reached XP level 2. HP: 11/22 MP: 2/2
   698 | D:1      | Reached skill level 1 in Short Blades
  1187 | D:1      | Reached XP level 3. HP: 27/28 MP: 3/3
  1609 | D:2      | HP: 1/28 [poisoned by an adder]
  1610 | D:2      | Succumbed to an adder's poison

Illustrated notes

Levels and vault maps discovered:
D:1:      psy_arrival_statuary, layout_rooms, ebering_ecumenical_altar_webs,
          minmay_vboxes
D:2:      layout_basic, uniq_crazy_yiuf_cottage

Skill      XL: |  1  2 |
---------------+-------+-----
Short Blades   | 1 |  1.3
Fighting       | |  2.6
Throwing       | |  4.3
Dodging        | |  2.0
Stealth        | |  1.0

Action                   || total
-------------------------++-------
Melee: Short sword       ||    57
       Dagger            ||     9
Throw: Javelin           ||    20
       Throwing net      ||     1
  Use: Scroll            ||     5
 Stab: Sleeping          ||     2
Armor: Leather armour    ||    38
Dodge: Dodged            ||    54

Table legend: (Time is in decaauts)
 A = Elapsed time spent in this place.
 B = Non-inter-level travel time spent in this place.
 C = Inter-level travel time spent in this place.
 D = Time resting spent in this place.
 E = Time spent auto-exploring this place.
 F = Levels seen in this place.
 G = Mean time per level.
                   A        B        C        D        E       F      G
               +--------+--------+--------+--------+--------+-----+--------+
         Total |   1617 |   1551 |     66 |    605 |    687 |   2 |  808.5 |
       Dungeon |   1617 |   1551 |     66 |    605 |    687 |   2 |  808.5 |
               +--------+--------+--------+--------+--------+-----+--------+

Top non-repeatable levels by time:
     D:1: 1362 daAuts
     D:2: 255 daAuts
